 Dungeon Crawl Stone Soup version 0.25-a0-589-g1e14c549ee (webtiles) character file.

Game seed: 18149792078320931385, levelgen mode: deterministic

318 Lentor the Chopper (level 6, -11/47 HPs)
             Began as a Demonspawn Fighter on Mar 9, 2020.
             Killed by divine providence
             ... invoked by an orc priest
              (15 damage)
             ... on level 3 of the Dungeon.
             The game lasted 00:07:41 (3428 turns).

Lentor the Chopper (Demonspawn Fighter)             Turns: 3428, Time: 00:07:42

Health: -11/47     AC: 11    Str: 19    XL:     6   Next: 21%
Magic:  6/6        EV:  6    Int:  9    God:
Gold:   98         SH:  9    Dex: 12    Spells: 5/5 levels left

rFire    . . .     SeeInvis .   a - +0 war axe
rCold    . . .     Gourm    .   c - +0 kite shield
rNeg     . . .     Faith    .   k - +0 plate armour
rPois    .         Spirit   .   (no helmet)
rElec    .         Reflect  .   (no cloak)
rCorr    .         Harm     .   (no gloves)
MR       .....                  (no boots)
Stlth    ..........             (no amulet)
HPRegen  0.15/turn              b - ring of wizardry
MPRegen  0.10/turn              (no ring)

@: no status effects
A: repulsion field 2
a: no special abilities


You were on level 3 of the Dungeon.
You were not hungry.

You visited 1 branch of the dungeon, and saw 3 of its levels.

You collected 98 gold pieces.

Inventory:

Hand Weapons
 a - a +0 war axe (weapon)
Armour
 c - a +0 kite shield (worn)
 k - a +0 plate armour (worn)
Jewellery
 b - a ring of wizardry (left hand)
Scrolls
 e - a scroll of magic mapping {unknown}
 g - a scroll of remove curse
 h - 2 scrolls of fog {unknown}
 i - a scroll of teleportation {unknown}
 j - a scroll of enchant armour {unknown}
Potions
 m - a potion of mutation {unknown}
Comestibles
 f - 9 rations


   Skills:
 + Level 3.5 Fighting
 + Level 4.3 Axes
 + Level 3.8 Armour
 + Level 0.2 Dodging
 + Level 3.6 Shields


You had 5 spell levels left.
You didn't know any spells.
Your spell library was empty.

Dungeon Overview and Level Annotations

Branches:
Dungeon (3/15)

Altars:
Ashenzari
Beogh

Annotations:
D:3 3 runed translucent doors, Kohma's ghost, amateur GnTm


Innate Abilities, Weirdness & Mutations

You are surrounded by a moderate repulsion field. (EV +3)


Message History

You block the orc priest's attack.
You hit the orc priest.
The orc priest is moderately wounded.
The orc priest hits you but does no damage.
The orc priest calls down the wrath of Beogh upon you.
Beogh smites you!
* * * LOW HITPOINT WARNING * * *
You closely miss the orc priest.
The orc priest is moderately wounded.
The orc priest barely misses you.
All of the chunks of flesh in your inventory have rotted away.
Your shield and plate armour prevent you from hitting the orc priest.
The orc priest is moderately wounded.
The orc priest hits you.
* * * LOW HITPOINT WARNING * * *
Your shield and plate armour prevent you from hitting the orc priest.
The orc priest is moderately wounded.
The orc priest calls down the wrath of Beogh upon you.
Beogh smites you!
You die...

####### ## ....... #.
....... ########. .......
#........
......o##########........
......{o@.......'........
......###########..>.....
..### #......<# #.......#
#########


You could see an orc priest and an orc.

Vanquished Creatures
  2 orc priests (D:3)
  3 orc wizards (D:3)
  3 gnolls (D:2)
  2 adders (D:2)
  5 oozes
  3 worms
  A dart slug (D:2)
  2 leopard geckos (D:1)
  9 orcs (D:3)
  3 ball pythons
  4 bats
  4 giant cockroaches
  4 goblins
  6 hobgoblins
  7 jackals
  9 kobolds
  2 quokkas
  7 frilled lizards
  10 rats
86 creatures vanquished.

Vanquished Creatures (others)
  An orc wizard (D:3)
1 creature vanquished.

Grand Total: 87 creatures vanquished

Notes
Turn   | Place    | Note
-------+----------+-------------------------------------------
     0 | D:1      | Lentor the Demonspawn Fighter began the quest for the Orb.
     0 | D:1      | Reached XP level 1. HP: 18/18 MP: 1/1
    81 | D:1      | Gained mutation: You are surrounded by a mild repulsion
                  | field. (EV +2) [demonic ancestry]
    81 | D:1      | Reached XP level 2. HP: 15/24 MP: 2/2
   239 | D:1      | Reached skill level 2 in Axes
   276 | D:1      | Found a shattered altar of Ashenzari.
   323 | D:1      | Reached XP level 3. HP: 16/29 MP: 3/3
   907 | D:2      | Reached XP level 4. HP: 9/35 MP: 1/4
  2261 | D:2      | Reached skill level 3 in Axes
  2407 | D:3      | Found a runed translucent gate.
  2407 | D:3      | Noticed Kohma's ghost (amateur GnTm)
  2408 | D:3      | Found a runed translucent gate.
  2408 | D:3      | Found a runed translucent gate.
  2409 | D:3      | Found a roughly hewn altar of Beogh.
  2728 | D:3      | Gained mutation: You are surrounded by a moderate repulsion
                  | field. (EV +3) [demonic ancestry]
  2728 | D:3      | Reached XP level 5. HP: 41/41 MP: 5/5
  2806 | D:3      | Reached skill level 4 in Axes
  3049 | D:3      | Reached XP level 6. HP: 26/47 MP: 6/6
  3428 | D:3      | Killed from afar by an orc priest

Levels and vault maps discovered:
D:1:      dpeg_arrival_simpleton_c, layout_rooms, ashenzari_altar_1
D:2:      layout_loops_corners, first_ration
D:3:      layout_basic, biasface_ghost_orc_armoury

Skill      XL: |  1  2  3  4  5 |
---------------+----------------+-----
Axes           | 2 3 4 |  4.3
Shields        | 3 |  3.6
Armour         | 3 |  3.8
Fighting       | |  3.5
Dodging        | |  0.2

Action                   |  1- 3 |  4- 6 || total
-------------------------+-------+-------++-------
Melee: War axe           |   119 |   250 ||   369
  Use: Scroll            |     1 |       ||     1
       Potion            |       |     1 ||     1
  Eat: Chunk             |       |     9 ||     9
Armor: Scale mail        |    34 |       ||    34
       Robe              |     2 |       ||     2
       Plate armour      |    16 |   158 ||   174
Dodge: Dodged            |    38 |    55 ||    93
Block: Kite shield       |    60 |   119 ||   179

Table legend:
 A = Non-vault XP
 B = Vault XP
 C = Vault XP percentage of total XP
 D = Non-vault monster count
 E = Vault monster count
 F = Vault count percentage of total count
                 A         B        C        D         E       F
            +---------+---------+-------+---------+---------+-------
      Total |     455 |       0 |   0.0 |      87 |       0 |   0.0
            +---------+---------+-------+---------+---------+-------
        D:1 |      52 |       0 |   0.0 |      28 |       0 |   0.0
        D:2 |     121 |       0 |   0.0 |      29 |       0 |   0.0
        D:3 |     282 |       0 |   0.0 |      30 |       0 |   0.0
            +---------+---------+-------+---------+---------+-------
